 Dungeon Crawl Stone Soup version 0.29.1-1-gd02db6906a (webtiles) character file.

Game seed: 11602712590589221260

7 Ijustatesigmund the Trooper (level 2, 0/19 HPs)
             Began as a Gargoyle Fighter on Sept 16, 2022.
             Frozen to death by an endoplasm (3 damage)
             ... on level 2 of the Dungeon.
             The game lasted 00:00:44 (136 turns).

Ijustatesigmund the Trooper (Gargoyle Fighter)       Turns: 136, Time: 00:00:44

Health: 0/19       AC:  9    Str: 19    XL:     2   Next: 0%
Magic:  2/2        EV:  9    Int:  8    God:
Gold:   0          SH:  4    Dex:  9    Spells: 1/1 levels left

rFire   + . .      SeeInvis .   a - +0 flail
rCold   . . .      Faith    .   c - +0 buckler
rNeg    + . .      Spirit   .   b - +0 scale mail
rPois   ∞          Reflect  .   (no helmet)
rElec   +          Harm     .   (no cloak)
rCorr   .          Rampage  .   (no gloves)
Will    .....                   (no boots)
Stlth   ..........              (no amulet)
HPRegen 0.06/turn               e - ring of protection from fire
MPRegen 0.08/turn               (no ring)

@: mighty
A: sickness immunity, AC +2, negative energy resistance 1, electricity
resistance, torment resistance 1, petrification resistance
a: no special abilities


You were on level 2 of the Dungeon.
You visited 1 branch of the dungeon, and saw 2 of its levels.

Inventory:

Hand Weapons
 a - a +0 flail (weapon)
Armour
 b - a +0 scale mail (worn)
 c - a +0 buckler (worn)
Jewellery
 e - a ring of protection from fire (left hand)


   Skills:
 + Level 3.5 Fighting
 + Level 2.3 Maces & Flails
 - Level 3.2 Armour
 - Level 3.2 Shields


You had one spell level left.
You didn't know any spells.
Your spell library was empty.

Dungeon Overview and Level Annotations

Branches:
Dungeon (2/15)

Altars:


Innate Abilities, Weirdness & Mutations

You are immune to sickness and miasma.
Your stone body is resilient. (AC +2)
You are immune to poison.
You resist negative energy. (rN+)
You are resistant to electric shocks. (rElec)
You are resistant to unholy torment.
You are immune to petrification.


Message History

The endoplasm hits you but does no damage.
A frilled lizard and a jackal come into view.
The frilled lizard hisses angrily.
You hear a bark!
The jackal completely misses you.
The quokka bites you but does no damage.
A jackal comes into view.
The jackal bites you. The hobgoblin hits you.
* * * LOW HITPOINT WARNING * * *
Found 10 gold pieces.
You feel very mighty all of a sudden.
The jackal bites you but does no damage.
The jackal barely misses you.
You closely miss the jackal.
The jackal bites you but does no damage.
You miss the jackal.
The jackal bites you but does no damage. x2
You closely miss the jackal. The jackal closely misses you.
The jackal bites you but does no damage.
You barely miss the jackal. The jackal closely misses you.
You block the jackal's attack.
You bludgeon the jackal!!
You kill the jackal!
The jackal bites you but does no damage.
You sock the jackal!
You kill the jackal!
You block the quokka's attack. The quokka barely misses you.
You barely miss the quokka. You block the quokka's attack.
The quokka bites you.
* * * LOW HITPOINT WARNING * * *
You closely miss the quokka. The quokka barely misses you.
You closely miss the quokka. The quokka completely misses you.
You block the quokka's attack.
You closely miss the quokka. The quokka barely misses you.
You sock the quokka!
You kill the quokka!
You have reached level 2!
You barely miss the endoplasm. The endoplasm freezes you.
You are frozen.
You die...

## #..
####..### #
.$....†.## .#
#@.# #.#
.l#####J##..#
hhhh.......#
..#####.<###
##...# ###.#
.# . ..


You could see an endoplasm.

Vanquished Creatures
  An endoplasm (D:1)
  A goblin (D:1)
  2 jackals (D:2)
  A quokka (D:2)
5 creatures vanquished.

Notes
Turn   | Place    | Note
-------+----------+-------------------------------------------
     0 | D:1      | Ijustatesigmund the Gargoyle Fighter began the quest for
                  | the Orb.
     0 | D:1      | Reached XP level 1. HP: 14/14 MP: 1/1
   136 | D:2      | Reached XP level 2. HP: 3/19 MP: 2/2
   136 | D:2      | Frozen to death by an endoplasm

Illustrated notes

Levels and vault maps discovered:
D:1:      scummos_arrival_star, layout_rooms
D:2:      layout_rooms, serial_shops, nicolae_lakefront_shop,
          minmay_misc_feat_x, minmay_misc_feat_ornament, minmay_box_of_dots,
          uniq_jessica

Action                   || total
-------------------------++-------
Melee: Flail             ||    19
  Use: Potion            ||     1
Armor: Scale mail        ||    24
Dodge: Dodged            ||    17
Block: Buckler           ||     8
